Construct Infanterie Kompanie
Selects Mechanized Battlegroup
Construct Luftwaffe Kompanie
Flak 30 Anti-aircraft Gun Team
Construct Panzergrenadier Kompanie
Nebelwerfer 42 Rocket Launcher Team
Pak 40 Anti-tank Gun Team
Selects StuG Assault Group
Selects StuG Assault Group
Selects Mobile Repair Stations
Nebelwerfer 42 Rocket Launcher Team
Construct Panzer Kompanie
Selects Wespe Self-propelled Artillery
Selects Zeroing Artillery Barrage